 Dungeon Crawl Stone Soup version 0.21.1-1-g345015fe64 (webtiles) character file.

567 Hercules1031 the Skirmisher (level 7, 0/62 HPs)
             Began as a Hill Orc Fighter on June 23, 2018.
             Was an Initiate of Beogh.
             Slain by an ogre
             ... wielding a +0 giant club
              (12 damage)
             ... on level 5 of the Dungeon.
             The game lasted 00:10:13 (3348 turns).

Hercules1031 the Skirmisher (Hill Orc Fighter)      Turns: 3348, Time: 00:10:13

Health: 0/62       AC: 13    Str: 21    XL:     7   Next: 33%
Magic:  7/7        EV: 10    Int:  8    God:    Beogh [......]
Gold:   211        SH: 11    Dex: 10    Spells: 6/6 levels left

rFire    . . .     SeeInvis .   a - +1 war axe
rCold    + . .     Gourm    .   c - +1 shield
rNeg     . . .     Faith    .   e - +0 chain mail
rPois    .         Spirit   .   (no helmet)
rElec    .         Reflect  .   q - +2 cloak
rCorr    .         Harm     .   (no gloves)
MR       .....                  (no boots)
Stlth    ..........             (no amulet)
HPRegen  0.20/turn              g - +4 ring of evasion
MPRegen  0.10/turn              r - ring of protection from cold

@: no status effects
A: no striking features
a: Renounce Religion


You were on level 5 of the Dungeon.
You worshipped Beogh.
Beogh was noncommittal.
You were full.

You visited 1 branch of the dungeon, and saw 5 of its levels.

You collected 211 gold pieces.

Inventory:

Hand Weapons
 a - a +1 war axe (weapon)
Armour
 c - a +1 shield (worn)
 e - a +0 chain mail (worn)
 k - a scarf of spirit shield
 q - a +2 cloak (worn)
Jewellery
 g - a +4 ring of evasion (left hand)
 h - a +4 ring of intelligence
 r - a ring of protection from cold (right hand)
Wands
 l - a wand of flame (57)
Scrolls
 b - a scroll of noise {unknown}
 j - 3 scrolls of enchant armour
 o - 3 scrolls of remove curse {unknown}
 p - 2 scrolls of magic mapping {unknown}
 s - a scroll of teleportation
Potions
 d - a potion of might
 i - 2 potions of brilliance
 m - a potion of haste
 n - a potion of flight
Comestibles
 f - 6 rations


   Skills:
 + Level 5.8 Fighting
 - Level 4.0 Axes
 + Level 5.0 Armour
 + Level 2.6 Dodging
 + Level 5.1 Shields


You had 6 spell levels left.
You didn't know any spells.

Dungeon Overview and Level Annotations

Branches:
Dungeon (5/15)
 Temple: D:4-7

Altars:
Ashenzari
Elyvilon
Fedhas
Gozag


Message History

The centaur is lightly wounded.
Your shield and chain mail prevent you from hitting the ogre.
You block the centaur's attack. You block the ogre's attack.
You block the centaur's attack.
You slash the centaur!
The centaur is heavily wounded.
You hit the ogre.
The centaur hits you but does no damage.
You block the ogre's attack. You block the centaur's attack.
You slash the centaur!
The centaur is severely wounded.
You slash the ogre! The centaur hits you.
* * * LOW HITPOINT WARNING * * *
The ogre hits you with a giant club.
* * * LOW HITPOINT WARNING * * *
You block the worker ant's attack.
The centaur hits you but does no damage.
You feel better. The centaur closely misses you.
The ogre hits you with a giant club!
You die...

..............
.............
#............
#.#............
#.#.............
................
#...Oca......#
#....@........ ##
#....(.......#
###..####..##......
.....#####(.....(..
.............!.....
......<.....#......
!......<..(........
.........†....#####
..............#


You could see an ogre, a centaur and a worker ant.

Vanquished Creatures
  Duvessa (D:4)
  Dowan (D:4)
  A scorpion (D:4)
  A hound (D:4)
  A jelly (D:5)
  A centaur skeleton (D:5)
  Natasha (twice) (D:4)
  A worker ant zombie (D:5)
  A howler monkey skeleton (D:4)
  9 adders
  4 gnolls (D:3)
  An ooze (D:2)
  2 worms
  A dart slug (D:1)
  2 leopard geckos (D:1)
  4 orcs
  5 giant cockroaches
  2 goblins
  7 hobgoblins
  14 jackals
  A quokka (D:4)
  A ball python (D:3)
  7 bats
  3 frilled lizards
  3 kobolds
  7 rats
83 creatures vanquished.

Notes
Turn   | Place    | Note
-------+----------+-------------------------------------------
     0 | D:1      | Hercules1031 the Hill Orc Fighter began the quest for the Orb.
     0 | D:1      | Reached XP level 1. HP: 19/19 MP: 1/1
    61 | D:1      | Reached XP level 2. HP: 21/27 MP: 2/2
   591 | D:2      | Reached XP level 3. HP: 33/33 MP: 3/3
   682 | D:2      | Found a white marble altar of Elyvilon.
   776 | D:2      | Reached XP level 4. HP: 37/40 MP: 4/4
  1247 | D:3      | Reached skill level 1 in Dodging
  1309 | D:3      | Reached XP level 5. HP: 18/47 MP: 2/5
  1337 | D:3      | HP: 2/47 [poisoned by a gnoll]
  1345 | D:3      | HP: 2/47 [poisoned by a gnoll]
  1731 | D:3      | Became a worshipper of Beogh the Brigand
  1836 | D:3      | Found an opulent altar of Gozag.
  1914 | D:3      | Found a faded altar of an unknown god.
  2344 | D:4      | Noticed Duvessa
  2346 | D:4      | Noticed Dowan
  2359 | D:4      | Killed Duvessa
  2359 | D:4      | Reached skill level 5 in Fighting
  2359 | D:4      | Reached XP level 6. HP: 56/56 MP: 6/6
  2363 | D:4      | Killed Dowan
  2547 | D:4      | Found a blossoming altar of Fedhas.
  2598 | D:4      | Noticed Natasha
  2609 | D:4      | Killed Natasha
  2817 | D:4      | Reached * piety under Beogh
  3068 | D:4      | Reached XP level 7. HP: 61/61 MP: 7/7
  3177 | D:4      | Noticed Natasha
  3185 | D:4      | Killed Natasha
  3303 | D:5      | Entered Level 5 of the Dungeon
  3303 | D:5      | Found a shattered altar of Ashenzari.
  3307 | D:5      | Reached skill level 5 in Shields
  3314 | D:5      | Reached skill level 5 in Armour
  3348 | D:5      | Slain by an ogre

Skill      XL: |  1  2  3  4  5  6  7 |
---------------+----------------------+-----
Axes           | 3 4 |  4.0
Fighting       | 4 5 |  5.8
Dodging        | 1 2 |  2.6
Shields        | 4 5 |  5.1
Armour         | 4 5 |  5.0

Action                   |  1- 3 |  4- 6 |  7- 9 || total
-------------------------+-------+-------+-------++-------
Melee: War axe           |    71 |   143 |    34 ||   248
Invok: Convert to Beogh  |       |     1 |       ||     1
  Use: Scroll            |     7 |     3 |       ||    10
       Potion            |     3 |     5 |     1 ||     9
  Eat: Ration            |       |     2 |     2 ||     4
Armor: Scale mail        |     7 |       |       ||     7
       Chain mail        |    49 |    64 |    18 ||   131
Dodge: Dodged            |    31 |    70 |    12 ||   113
Block: Shield            |    47 |   103 |    30 ||   180
